 Dungeon Crawl Stone Soup version 0.31.0-11-ge490571c62 (webtiles) character file.

Game seed: 501562878803223014

65 qw the Shooter (level 3, -2/18 HPs)
             Began as a Spriggan Hunter on Feb 5, 2024.
             Slain by a goblin
             ... wielding a +0 dagger
             ... led by Robin
              (3 damage)
             ... on level 3 of the Dungeon.
             The game lasted 00:00:36 (1577 turns).

qw the Shooter (Spriggan Hunter)                    Turns: 1577, Time: 00:00:36

Health: -2/18      AC:  2    Str:  7    XL:     3   Next: 94%
Magic:  4/4        EV: 19    Int: 10    God:
Gold:   57         SH:  0    Dex: 20    Spells: 2/2 levels left

rFire   . . .        a - +1 shortbow
rCold   . . .        (shield currently unavailable)
rNeg    . . .        c - +0 robe
rPois   .            (helmet restricted)
rElec   .            (no cloak)
rCorr   .            (gloves unavailable)
SInv    +            (boots unavailable)
Will    .....        h - amulet of the acrobat
Stlth   ++           (no ring)
HPRegen 0.23/turn    (no ring)
MPRegen 0.09/turn

%: acrobat
@: very quick
A: very small, no large weapons, unfitting armour, see invisible, speed 3
a: no special abilities


You were on level 3 of the Dungeon.
You visited 1 branch of the dungeon, and saw 4 of its levels.

You collected 57 gold pieces.


Innate Abilities, Weirdness & Mutations

You are very small and have problems with some larger weapons.
You are too small for most types of armour.
You have supernaturally acute eyesight. (SInv)
You cover ground extremely quickly. (Speed+++)


   Skills:
 - Level 1.5 Fighting
 - Level 5.0 Ranged Weapons
 + Level 4.2 Dodging
 - Level 1.5 Stealth


You had 2 spell levels left.
You didn't know any spells.
Your spell library was empty.

Inventory:

Hand Weapons
 a - a +1 shortbow (weapon)
Armour
 c - a +0 robe (worn)
Jewellery
 h - an amulet of the acrobat (around neck)
Potions
 b - a potion of might
 d - a potion of lignification {unknown}
 e - a potion of enlightenment {unknown}
 f - a potion of heal wounds {unknown}

Dungeon Overview and Level Annotations

Branches:
Dungeon (4/15)
 Temple: D:4-7

Altars:

Shops:
D:1 (

Annotations:
D:3 Robin


Message History

The arrow hits the goblin!
You kill the goblin!
The goblin closely misses you. The goblin hits you with a +0 dagger.
You shoot an arrow. The arrow barely misses the goblin.
The arrow hits the goblin.
You kill the goblin!
The goblin completely misses you. The goblin closely misses you.
A goblin comes into view. It is wielding a +0 club.
The goblin closely misses you.
You shoot an arrow. The arrow closely misses the goblin.
The arrow closely misses Robin.
A goblin comes into view. It is wielding a +0 club.
The goblin hits you with a +0 dagger. The goblin barely misses you.
The goblin closely misses you.
A goblin comes into view. It is wielding a +0 club.
You shoot an arrow. The arrow barely misses the goblin.
The arrow hits Robin.
Robin is moderately wounded.
You hear a shout!
The goblin hits you with a +0 dagger. The goblin hits you with a +0 club.
The goblin barely misses you.
You shoot an arrow. The arrow hits the goblin.
You kill the goblin!
The goblin barely misses you. The goblin misses you.
You shoot an arrow.
The arrow hits Robin but does no damage.
Robin is moderately wounded.
The goblin barely misses you. The goblin hits you with a +0 dagger.
Robin says, "My army is invincible!"
You shoot an arrow.
The arrow hits Robin but does no damage.
Robin is moderately wounded.
The goblin hits you with a +0 dagger. The goblin hits you but does no damage.
Robin roars a battlecry!
The goblins go into a battle-frenzy!
The goblin closely misses you. The goblin hits you with a +0 dagger.
You shoot an arrow. The arrow hits Robin.
Robin is heavily wounded.
The goblin closely misses you. Robin misses you.
The goblin hits you with a +0 dagger.
You die...

#.#
#.#
#.#
#.#
#.#
#.#
#.####
#.ggg#
#..#@#
#..#g#
#..#g#
#..#g#
#..#g#
.....#
.....#
..#


You could see Robin and 6 goblins.

Vanquished Creatures
  A ribbon worm (D:2)
  5 dart slugs
  An orc (D:3)
  3 bats
  3 endoplasms
  2 giant cockroaches
  8 goblins
  3 hobgoblins
  5 jackals
  6 kobolds
  2 quokkas
  A ball python (D:1)
  2 frilled lizards (D:1)
  2 rats
44 creatures vanquished.

Notes
Turn   | Place    | Note
-------+----------+-------------------------------------------
     0 | D:1      | qw the Spriggan Hunter began the quest for the Orb.
     0 | D:1      | Reached XP level 1. HP: 10/10 MP: 2/2
     0 | D:1      | 0 ||| qw: Version: 0.3-a-160-g6735b56
     0 | D:1      | 0 ||| qw: Game counter: 6192
     0 | D:1      | 0 ||| qw: Melee chars always use a shield: true
     0 | D:1      | 0 ||| qw: God list: Okawaru
     0 | D:1      | 0 ||| qw: Allow faded altars: false
     0 | D:1      | 0 ||| qw: Do Orc after clearing Dungeon:15 true
     0 | D:1      | 0 ||| qw: Do second Lair branch before Depths: true
     0 | D:1      | 0 ||| qw: Lair rune preference: random
     0 | D:1      | 0 ||| qw: Goals: Normal
     0 | D:1      | 0 ||| PLANNING D:1-11
    39 | D:1      | Reached skill level 3 in Dodging
   102 | D:1      | Reached XP level 2. HP: 14/14 MP: 3/3
   436 | D:1      | Found Gual Osaosch's Antique Weapon Emporium.
   453 | D:1      | Reached XP level 3. HP: 15/18 MP: 4/4
   709 | D:1      | 709 ||| UPGRADING to amulet of the acrobat.
   714 | D:1      | 714 ||| READING scroll labelled OXULEOPO RAST.
   714 | D:1      | 714 ||| ENCHANTING +0 shortbow.
   715 | D:1      | 715 ||| READING 2 scrolls labelled SUCSE MAUBOREI.
   715 | D:1      | 715 ||| IDENTIFYING lumpy yellow potion
   716 | D:1      | 716 ||| READING scroll of identify.
   716 | D:1      | 716 ||| IDENTIFYING dark potion
   717 | D:1      | 717 ||| READING scroll labelled XUZEBI LIF TOF.
   718 | D:1      | 718 ||| DROPPING scroll of butterflies.
   719 | D:1      | 719 ||| DROPPING potion of ambrosia.
   720 | D:1      | 720 ||| DROPPING potion of berserk rage.
   742 | D:2      | You fall into a shaft and drop 2 floors!
   758 | D:4      | 758 ||| READING scroll labelled KOLYCO UPNET.
  1034 | D:2      | Found a faded altar of an unknown god.
  1353 | D:2      | 1353 ||| DRINKING 2 emerald potions.
  1467 | D:3      | HP: 3/18 [orc/+0 flail (6)]
  1469 | D:3      | 1469 ||| FLEEEEING.
  1470 | D:3      | 1470 ||| FLEEEEING.
  1471 | D:3      | 1471 ||| FLEEEEING.
  1472 | D:3      | 1472 ||| FLEEEEING.
  1473 | D:3      | 1473 ||| FLEEEEING.
  1474 | D:3      | 1474 ||| FLEEEEING.
  1475 | D:3      | 1475 ||| FLEEEEING.
  1476 | D:3      | 1476 ||| FLEEEEING.
  1477 | D:3      | 1477 ||| FLEEEEING.
  1479 | D:3      | 1479 ||| FLEEEEING.
  1480 | D:3      | 1480 ||| FLEEEEING.
  1481 | D:3      | 1481 ||| FLEEEEING.
  1482 | D:3      | 1482 ||| FLEEEEING.
  1484 | D:3      | 1484 ||| FLEEEEING.
  1485 | D:3      | 1485 ||| FLEEEEING.
  1486 | D:3      | 1486 ||| FLEEEEING.
  1487 | D:3      | 1487 ||| FLEEEEING.
  1488 | D:3      | 1488 ||| FLEEEEING.
  1489 | D:3      | 1489 ||| FLEEEEING.
  1490 | D:3      | 1490 ||| FLEEEEING.
  1491 | D:3      | 1491 ||| FLEEEEING.
  1492 | D:3      | 1492 ||| FLEEEEING.
  1494 | D:3      | 1494 ||| FLEEEEING.
  1495 | D:3      | 1495 ||| FLEEEEING.
  1496 | D:3      | 1496 ||| FLEEEEING.
  1497 | D:3      | 1497 ||| STAIRDANCE
  1565 | D:3      | Noticed Robin
  1567 | D:3      | Reached skill level 5 in Ranged Weapons
  1576 | D:3      | HP: 1/18 [goblin/+0 dagger[Robin] (4)]
  1577 | D:3      | Slain by a goblin

Levels and vault maps discovered:
D:1:      lemuel_arrival_rhombus, layout_loops_ring, serial_shops,
          nicolae_shop_tiny_glass, chequers_serial_rivers_marsh
D:2:      layout_basic, shapermc_ecumenical_altar_mp_vishouse
D:3:      minmay_razor_zed, layout_basic, minmay_snake_closets, uniq_robin,
          uniq_sigmund
D:4:      layout_rooms, uniq_natasha, uniq_duvessa

Skill      XL: |  1  2  3 |
---------------+----------+-----
Dodging        | 3 4 |  4.2
Ranged Weapons | 5 |  5.0
Fighting       | |  1.5
Stealth        | |  1.5

Action                     || total
---------------------------++-------
   Fire: Shortbow          ||   146
    Use: Scroll            ||     5
         Potion            ||     1
 Armour: Robe              ||    27
  Dodge: Dodged            ||    90

Table legend:
 A = Non-vault XP
 B = Vault XP
 C = Vault XP percentage of total XP
 D = Non-vault monster count
 E = Vault monster count
 F = Vault count percentage of total count
                 A         B        C        D         E       F
            +---------+---------+-------+---------+---------+-------
      Total |      84 |      10 |  10.6 |      39 |       5 |  11.4
            +---------+---------+-------+---------+---------+-------
        D:1 |      46 |       0 |   0.0 |      23 |       0 |   0.0
        D:2 |      30 |       0 |   0.0 |      12 |       0 |   0.0
        D:3 |       7 |      10 |  58.8 |       3 |       5 |  62.5
        D:4 |       1 |       0 |   0.0 |       1 |       0 |   0.0
            +---------+---------+-------+---------+---------+-------
